APL (24 & UNDER)
EL PASO TEXANS @ NANTUCKET ORCAS
08/30/2028
 
TOP OF THE 1ST
El Paso Texans batting - Pitching for Nantucket Orcas : RHP Joe Griffin
Pitching: RHP Joe Griffin
Batting: LHB Mark Spencer 0-0: Ground out U3 (Groundball, 3L)
Batting: RHB Cole Boehmer 0-0: Swinging Strike
0-1: Ball
1-1: Fly out, F9 (Flyball, 9S)
Batting: RHB Marvin Johnson 0-0: Fly out, F4 (Popup, 4)
Top of the 1st over - 0 run(s), 0 hit(s), 0 error(s), 0 left on base; El Paso 0 - Nantucket 0
BOTTOM OF THE 1ST
Nantucket Orcas batting - Pitching for El Paso Texans : RHP António Lara
Pitching: RHP António Lara
Batting: RHB Charlie Pérez 0-0: Ball
1-0: Ball
2-0: Foul Ball, location: 2F
2-1: Called Strike
2-2: Strikes out swinging
Batting: RHB Fernando Álvarez 0-0: Ball
1-0: Ground out 5-3 (Groundball, 5L)
Batting: LHB Eugene Lee 0-0: Ball
1-0: Fly out, F3 (Popup, 3D)
Bottom of the 1st over - 0 run(s), 0 hit(s), 0 error(s), 0 left on base; El Paso 0 - Nantucket 0
TOP OF THE 2ND
El Paso Texans batting - Pitching for Nantucket Orcas : RHP Joe Griffin
Batting: RHB José Murillo 0-0: Called Strike
0-1: Swinging Strike
0-2: Fly out, F3 (Popup, 3L)
Batting: LHB John Fitzgerald 0-0: Ball
1-0: Ball
2-0: Foul Ball, location: 2F
2-1: Called Strike
2-2: Strikes out swinging
Batting: RHB Javier Álvarez 0-0: Ball
1-0: Ball
2-0: SINGLE (Line Drive, 6MD)
Batting: RHB Andrew O'Dell 0-0: Called Strike
0-1: Hit by Pitch
Javier Álvarez to second
Batting: LHB Dave Tucker 0-0: SINGLE (Groundball, 4D)
Javier Álvarez to third
Andrew O'Dell to second
Runner from 3rd tries for Home, SAFE, no throw
Batting: SHB Miguel Hurtado 0-0: Called Strike
0-1: Ball
1-1: Swinging Strike
1-2: Strikes out looking
Top of the 2nd over - 1 run(s), 2 hit(s), 0 error(s), 2 left on base; El Paso 1 - Nantucket 0
BOTTOM OF THE 2ND
Nantucket Orcas batting - Pitching for El Paso Texans : RHP António Lara
Batting: RHB Mike Willis 0-0: Ball
1-0: Ball
2-0: Fly out, F4 (Flyball, 4D)
Batting: LHB Juan Lima 0-0: Called Strike
0-1: Ball
1-1: Swinging Strike
1-2: Ground out U3 (Groundball, 34)
Batting: LHB Alfonso Vélez 0-0: Called Strike
0-1: Called Strike
0-2: Strikes out swinging
Bottom of the 2nd over - 0 run(s), 0 hit(s), 0 error(s), 0 left on base; El Paso 1 - Nantucket 0
TOP OF THE 3RD
El Paso Texans batting - Pitching for Nantucket Orcas : RHP Joe Griffin
Batting: LHB Mark Spencer 0-0: Called Strike
0-1: Ball
1-1: Ball
2-1: Foul Ball, location: 2F
2-2: Ball
3-2: Strikes out swinging
Batting: RHB Cole Boehmer 0-0: Called Strike
0-1: Reached via error on a dropped throw, E1
Batting: RHB Marvin Johnson 0-0: Called Strike
0-1: Ball
1-1: Called Strike
1-2: Strikes out swinging
Batting: RHB José Murillo 0-0: Foul Ball, location: 2F
0-1: Ball
1-1: Ball
2-1: Foul Ball, location: 2F
2-2: Strikes out swinging
Top of the 3rd over - 0 run(s), 0 hit(s), 1 error(s), 1 left on base; El Paso 1 - Nantucket 0
BOTTOM OF THE 3RD
Nantucket Orcas batting - Pitching for El Paso Texans : RHP António Lara
Batting: RHB Scotty Hicks 0-0: Ball
1-0: Called Strike
1-1: Foul Ball, location: 2F
1-2: SINGLE (Flyball, 7LS)
Batting: RHB Curt O'Brian 0-0: Ball
1-0: Ball
2-0: SINGLE (Flyball, 78M)
Scotty Hicks to second
Batting: RHB Luis Cruz 0-0: Ball
1-0: SINGLE (Groundball, 34D) - runner OUT being hit by batted ball.
Scotty Hicks to third
Batting: RHB Charlie Pérez 0-0: Ball
1-0: Called Strike
1-1: Ball
2-1: Fly out, F9 (Flyball, 89M)
Runner from 3rd tags up, SCORES, no throw
Batting: RHB Fernando Álvarez 0-0: Ball
1-0: SINGLE (Line Drive, 6M)
Luis Cruz to second
Batting: LHB Eugene Lee 0-0: Fly out, F9 (Line Drive, 9S)
Bottom of the 3rd over - 1 run(s), 4 hit(s), 0 error(s), 2 left on base; El Paso 1 - Nantucket 1
TOP OF THE 4TH
El Paso Texans batting - Pitching for Nantucket Orcas : RHP Joe Griffin
Batting: LHB John Fitzgerald 0-0: Called Strike
0-1: Ball
1-1: Ball
2-1: Ball
3-1: Foul Ball, location: 2F
3-2: Base on Balls
Batting: RHB Javier Álvarez 0-0: Ball
1-0: Fly out, F9 (Flyball, 9S)
Batting: RHB Andrew O'Dell 0-0: Ball
1-0: Swinging Strike
1-1: Foul Ball, location: 2F
1-2: Strikes out swinging
Batting: LHB Dave Tucker 0-0: Fielders Choice at 2nd, 4-6 (Groundball, 4)
Top of the 4th over - 0 run(s), 0 hit(s), 0 error(s), 0 left on base; El Paso 1 - Nantucket 1
BOTTOM OF THE 4TH
Nantucket Orcas batting - Pitching for El Paso Texans : RHP António Lara
Batting: RHB Mike Willis 0-0: Ball
1-0: Ball
2-0: Ball
3-0: Foul Ball, location: 2F
3-1: Base on Balls
Batting: LHB Juan Lima 0-0: Ball
1-0: Grounds into double play, 4-6-3 (Groundball, 34)
Batting: LHB Alfonso Vélez 0-0: Called Strike
0-1: Ball
1-1: Called Strike
1-2: Ground out 5-3 (Groundball, 56S)
Bottom of the 4th over - 0 run(s), 0 hit(s), 0 error(s), 0 left on base; El Paso 1 - Nantucket 1
TOP OF THE 5TH
El Paso Texans batting - Pitching for Nantucket Orcas : RHP Joe Griffin
Batting: SHB Miguel Hurtado 0-0: Ball
1-0: Called Strike
1-1: Ball
2-1: Ball
3-1: DOUBLE (Flyball, 78M)
Batting: LHB Mark Spencer 0-0: Ball
1-0: Called Strike
1-1: Foul Ball, location: 2F
1-2: Ball
2-2: Ball
3-2: Strikes out swinging
Batting: RHB Cole Boehmer 0-0: Ball
1-0: Ball
2-0: Ground out 5-3 (Groundball, 56S)
Miguel Hurtado to third
Batting: RHB Marvin Johnson 0-0: Ball
1-0: 2-RUN HOME RUN (Flyball, 7D), Distance : 375 ft
Batting: RHB José Murillo 0-0: SOLO HOME RUN (Line Drive, 7LD), Distance : 347 ft
Batting: LHB John Fitzgerald 0-0: Swinging Strike
0-1: Ball
1-1: Foul Ball, location: 2F
1-2: Foul Ball, location: 2F
1-2: Fly out, F8 (Flyball, 8RD)
Top of the 5th over - 3 run(s), 3 hit(s), 0 error(s), 0 left on base; El Paso 4 - Nantucket 1
BOTTOM OF THE 5TH
Nantucket Orcas batting - Pitching for El Paso Texans : RHP António Lara
Batting: RHB Scotty Hicks 0-0: Fly out, F9 (Flyball, 9)
Batting: RHB Curt O'Brian 0-0: Ball
1-0: Foul Ball, location: 2F
1-1: Foul Ball, location: 2F
1-2: Ball
2-2: Ground out 5-3 (Groundball, 56S)
Batting: RHB Luis Cruz 0-0: Swinging Strike
0-1: Ball
1-1: Swinging Strike
1-2: Ball
2-2: Strikes out looking
Bottom of the 5th over - 0 run(s), 0 hit(s), 0 error(s), 0 left on base; El Paso 4 - Nantucket 1
TOP OF THE 6TH
El Paso Texans batting - Pitching for Nantucket Orcas : RHP Joe Griffin
Batting: RHB Javier Álvarez 0-0: Ball
1-0: Ball
2-0: SINGLE (Line Drive, 78M)
Batting: RHB Andrew O'Dell 0-0: Foul Ball, location: 2F
0-1: Ball
1-1: Foul Ball, location: 2F
1-2: Fly out, F9 (Flyball, 89S)
Batting: LHB Dave Tucker 0-0: Ball
1-0: Ball
2-0: Ball
3-0: Base on Balls
Javier Álvarez to second
Pitching: RHP Bo Wagner
Batting: SHB Miguel Hurtado 0-0: Ball
1-0: Called Strike
1-1: Foul Ball, location: 2F
1-2: Strikes out swinging
Batting: LHB Mark Spencer 0-0: Called Strike
0-1: Foul Ball, location: 2F
0-2: Fly out, F8 (Flyball, 8LS)
Top of the 6th over - 0 run(s), 1 hit(s), 0 error(s), 2 left on base; El Paso 4 - Nantucket 1
BOTTOM OF THE 6TH
Nantucket Orcas batting - Pitching for El Paso Texans : RHP António Lara
Batting: RHB Charlie Pérez 0-0: Called Strike
0-1: Ball
1-1: Ball
2-1: Ball
3-1: Foul Ball, location: 2F
3-2: Base on Balls
Batting: RHB Fernando Álvarez 0-0: Foul Ball, location: 2F
0-1: Foul Ball, location: 2F
0-2: SINGLE (Groundball, 3D)
Charlie Pérez to second
Runner from 2nd tries for 3rd, SAFE, no throw
Batting: LHB Eugene Lee 0-0: Ball
1-0: Ball
2-0: Called Strike
2-1: Ball
Fernando Álvarez steals 2nd base
3-1: Swinging Strike
3-2: Foul Ball, location: 2F
3-2: Strikes out swinging
Batting: RHB Mike Willis 0-0: Called Strike
0-1: Foul Ball, location: 2F
0-2: Ball
1-2: Strikes out swinging
Batting: LHB Juan Lima 0-0: Ball
1-0: Called Strike
1-1: Swinging Strike
1-2: Ball
2-2: Ball
3-2: Strikes out swinging
Bottom of the 6th over - 0 run(s), 1 hit(s), 0 error(s), 2 left on base; El Paso 4 - Nantucket 1
TOP OF THE 7TH
El Paso Texans batting - Pitching for Nantucket Orcas : RHP Bo Wagner
Batting: RHB Cole Boehmer 0-0: Ball
1-0: Ball
2-0: Ball
3-0: Base on Balls
Batting: RHB Marvin Johnson 0-0: Foul Ball, location: 2F
0-1: Ball
1-1: Foul Ball, location: 2F
1-2: Ball
2-2: Fly out, F6 (Popup, 6D)
Batting: RHB José Murillo 0-0: Ball
1-0: Foul Ball, location: 2F
1-1: Fly out, F8 (Flyball, 8RM)
Batting: LHB John Fitzgerald 0-0: Called Strike
0-1: Ball
1-1: Called Strike
1-2: Ball
2-2: Strikes out looking
Top of the 7th over - 0 run(s), 0 hit(s), 0 error(s), 1 left on base; El Paso 4 - Nantucket 1
BOTTOM OF THE 7TH
Nantucket Orcas batting - Pitching for El Paso Texans : RHP António Lara
Batting: LHB Alfonso Vélez 0-0: Ball
1-0: Ball
2-0: Ball
3-0: Called Strike
3-1: Base on Balls
Pitching: RHP Mike Church
Batting: RHB Scotty Hicks 0-0: Foul Ball, location: 2F
0-1: Swinging Strike
0-2: Ball
1-2: Strikes out swinging
Batting: RHB Curt O'Brian 0-0: Called Strike
0-1: Called Strike
Throwing error on steal attempt, E2
Alfonso Vélez to third
0-2: Ball
1-2: Strikes out looking
Batting: RHB Luis Cruz 0-0: Ground out 4-3 (Groundball, 4)
Bottom of the 7th over - 0 run(s), 0 hit(s), 1 error(s), 1 left on base; El Paso 4 - Nantucket 1
TOP OF THE 8TH
El Paso Texans batting - Pitching for Nantucket Orcas : RHP Bo Wagner
Batting: RHB Javier Álvarez 0-0: Ball
1-0: Foul Ball, location: 2F
1-1: Ball
2-1: Ground out 5-3 (Groundball, 56S)
Batting: RHB Andrew O'Dell 0-0: Called Strike
0-1: Foul Ball, location: 2F
0-2: Ground out 4-3 (Groundball, 4)
Batting: LHB Dave Tucker 0-0: Swinging Strike
0-1: Foul Ball, location: 2F
0-2: SINGLE (Line Drive, 9S)
Batting: SHB Miguel Hurtado 0-0: Fly out, F9 (Flyball, 89S)
Top of the 8th over - 0 run(s), 1 hit(s), 0 error(s), 1 left on base; El Paso 4 - Nantucket 1
BOTTOM OF THE 8TH
Nantucket Orcas batting - Pitching for El Paso Texans : RHP Mike Church
Batting: RHB Charlie Pérez 0-0: Called Strike
0-1: Ball
1-1: Swinging Strike
1-2: Strikes out swinging
Batting: RHB Fernando Álvarez 0-0: Foul Ball, location: 2F
0-1: Swinging Strike
0-2: Strikes out swinging
Batting: LHB Eugene Lee 0-0: Ball
1-0: Foul Ball, location: 2F
1-1: Called Strike
1-2: SINGLE (Flyball, 9LS)
Pitching: RHP Firmino Orsi
Batting: RHB Mike Willis 0-0: Swinging Strike
0-1: Foul Ball, location: 2F
0-2: Ball
1-2: Strikes out swinging
Bottom of the 8th over - 0 run(s), 1 hit(s), 0 error(s), 1 left on base; El Paso 4 - Nantucket 1
TOP OF THE 9TH
El Paso Texans batting - Pitching for Nantucket Orcas : RHP Bo Wagner
Batting: LHB Mark Spencer 0-0: Ground out 4-3 (Groundball, 34D)
Batting: RHB Cole Boehmer 0-0: Called Strike
0-1: Foul Ball, location: 2F
0-2: Ball
1-2: Strikes out swinging
Batting: RHB Marvin Johnson 0-0: Called Strike
0-1: Foul Ball, location: 2F
0-2: Ball
1-2: Ball
2-2: Ball
3-2: Strikes out swinging
Top of the 9th over - 0 run(s), 0 hit(s), 0 error(s), 0 left on base; El Paso 4 - Nantucket 1
BOTTOM OF THE 9TH
Nantucket Orcas batting - Pitching for El Paso Texans : RHP Firmino Orsi
Pitching: RHP Cliff Wolfe
Batting: LHB Juan Lima 0-0: Ball
1-0: Ground out 4-3 (Groundball, 34)
Batting: LHB Alfonso Vélez 0-0: Ball
1-0: Called Strike
1-1: Foul Ball, location: 2F
1-2: Ball
2-2: Foul Ball, location: 2F
2-2: Strikes out looking
Batting: RHB Scotty Hicks 0-0: Called Strike
0-1: Ball
1-1: Ball
2-1: Fly out, F9 (Flyball, 9S)
Bottom of the 9th over - 0 run(s), 0 hit(s), 0 error(s), 0 left on base; El Paso 4 - Nantucket 1
Tuesday, August 8th, 2017 - OOTP Baseball 17.12 Build 75